Map: [ESL] Moondance

Players

PattyMac - Winner!

  • Race: Protoss Protoss
  • Spawn Location: 12:00

HydraulixxD

  • Race: Terran Terran
  • Spawn Location: 6:00

Event: DreamHack SC2 Masters 2022 Valencia

VOD

Have the link to the VOD?

Description

Time

  • Played on: July 1, 2022, 1:41 p.m.
  • Length: 3:14

All games in this series

Show
View Real Time Build Order
Export as new Build Order

PattyMac Protoss - Winner!

Build Orders: 1 Gate Expand 

Get SALT Encoding   

  12  0:00  Probe  
  13  0:12  Probe  
  14  0:17  Pylon  
  14  0:24  Probe (Chrono Boost)  
  16  0:36  Probe (Chrono Boost), Gateway  
  16  0:43  Probe (Chrono Boost)  
  16  0:45  Assimilator  
  17  0:51  Probe  
  18  1:03  Probe  
  19  1:05  Gateway  
  19  1:26  Cybernetics Core  
  19  1:38  Nexus  
  19  1:44  Pylon  
  19  1:47  Probe  
  20  2:02  Adept (Chrono Boost)  
  20  2:03  Adept (Chrono Boost)  
  20  2:05  Probe  
  25  2:10  Assimilator  
  25  2:15  Pylon  
  24  2:26  Shield Battery  
  24  2:30  Adept  
  24  2:34  Adept  
  28  2:38  Probe  
Show
View Real Time Build Order
Export as new Build Order

HydraulixxD Terran 

Build Orders:  

Get SALT Encoding   

  12  0:03  SCV  
  13  0:15  SCV  
  13  0:19  Supply Depot  
  14  0:46  Barracks  
  14  0:47  Barracks  
  14  0:52  SCV  
  14  0:56  Refinery  
  15  1:04  SCV  
  16  1:16  SCV  
  17  1:34  Marine  
  17  1:37  Orbital Command  
  18  1:44  Marine  
  19  1:52  Marine  
  20  2:00  Supply Depot  
  20  2:02  SCV, Marine  
  22  2:09  Marine  
  23  2:17  Factory  
  23  2:21  Marine  
  24  2:23  SCV  
  24  2:27  Marine  
  26  2:35  SCV  
  27  2:41  Marine  
  28  2:45  Marine  
  28  2:50  Bunker  

Tags
 
Add a new tag
Caveats
  • Supply blocks, unpowered buildings, or Contaminate may cause inaccurate times.
  • Supply counts are checked every 10 seconds.